 Dungeon Crawl Stone Soup version 0.23-a0-143-g1adec7b (webtiles) character file.

294 corax the Covert (level 6, 0/30 HPs)
             Began as a Spriggan Assassin on Sept 5, 2018.
             Killed from afar by an orc wizard (8 damage)
             ... with a puff of frost
             ... on level 3 of the Dungeon.
             The game lasted 00:06:22 (2051 turns).

corax the Covert (Spriggan Assassin)                Turns: 2051, Time: 00:06:24

Health: 0/30       AC:  3    Str:  9    XL:     6   Next: 11%
Magic:  7/7        EV: 19    Int: 12    God:
Gold:   128        SH:  0    Dex: 18    Spells: 5/5 levels left

rFire    . . .     SeeInvis +   a - +2 dagger
rCold    . . .     Gourm    .   (shield restricted)
rNeg     . . .     Faith    .   c - +0 robe
rPois    .         Spirit   .   (helmet restricted)
rElec    .         Reflect  .   d - +0 cloak
rCorr    .         Harm     .   (gloves unavailable)
MR       +....                  (boots unavailable)
Stlth    ++++......             (no amulet)
HPRegen  0.10/turn              (no ring)
MPRegen  0.10/turn              (no ring)

@: very quick
A: very small, unfitting armour, see invisible, herbivore, speed 3, slow
metabolism 2
a: no special abilities


You were on level 3 of the Dungeon.
You were not hungry.

You visited 1 branch of the dungeon, and saw 3 of its levels.

You collected 128 gold pieces.

Inventory:

Hand Weapons
 a - a +2 dagger (weapon)
 b - a +0 blowgun
 y - a +2 dagger of speed
Missiles
 f - 2 curare-tipped needles
 m - 2 needles of sleeping (quivered)
 v - 5 needles of frenzy
Armour
 c - a +0 robe (worn)
 d - a +0 cloak (worn)
Scrolls
 l - a scroll of noise {unknown}
 n - a scroll of amnesia {unknown}
 q - 3 scrolls of identify {unknown}
 r - a scroll of enchant armour {unknown}
 u - 5 scrolls of teleportation {unknown}
 x - 3 scrolls of magic mapping {unknown}
 z - a scroll of remove curse {unknown}
 A - a scroll of fog {unknown}
Potions
 h - a potion of haste {unknown}
 i - 3 potions of flight {unknown}
 j - 2 potions of brilliance {unknown}
 k - a potion of invisibility {unknown}
 o - 3 potions of degeneration {unknown}
 p - 3 potions of curing {unknown}
 s - a potion of heal wounds {unknown}
 t - a potion of lignification {unknown}
 w - a potion of agility {unknown}
Comestibles
 g - 4 rations


   Skills:
 + Level 2.1 Fighting
 + Level 3.6 Short Blades
 + Level 3.3 Throwing
 + Level 3.2 Dodging
 + Level 8.4 Stealth


You had 5 spell levels left.
You didn't know any spells.
Your spell library was empty.

Dungeon Overview and Level Annotations

Branches:
Dungeon (3/15)

Altars:
Fedhas


Innate Abilities, Weirdness & Mutations

You are very small and have problems with some larger weapons.
You are too small for most types of armour.
You have supernaturally acute eyesight. (SInv)
You are a herbivore.
You cover ground extremely quickly.
You need to consume almost no food.


Message History

a - a +2 dagger (weapon)
You kill the orc!
Things that are here:
a flail; an orc corpse The orc wizard is too close now for your liking.
Quiver which item? (- for none, * to show all) (? for menu, Esc to quit)
Quivering
m - 4 needles of sleeping for throwing.
Tossing away (i - inventory)
m - 4 needles of sleeping (quivered)
Press: ? - help, Shift-Dir - straight line, f - orc wizard
Aim: an orc wizard, wielding a dagger and wearing a robe (hasn't noticed you)
You toss away a needle of sleeping.
The needle of sleeping hits the orc wizard.
Tossing away (i - inventory)
m - 3 needles of sleeping (quivered)
Press: ? - help, Shift-Dir - straight line, f/p - orc wizard
Aim: an orc wizard, wielding a dagger and wearing a robe You toss away a needle of sleeping.
The needle of sleeping barely misses the orc wizard.
The orc wizard points at you and mumbles some strange words.
The puff of frost hits you!
You die...

.. ### ..## #.. ##... o(#
#.# #...# ### .o# #.# .[.#
#.. .(# #.# #..# #.# #o#
#.# #..# #.# #.#
#†#######.)#####.# #o#
#.#.....)@....o.(# #.#
#.#.#####..####(.###.###.#
#)#.# #..# #..).(..[..#
#.#.# #..# ##.###...### #
#.#.# #..# #.# #.#.#
#.#.#.#####..# #.# .....#
#............. ... .P.P%#
###...#####.## ### .._..#
###.# #.P.P.#


You could see an orc wizard.

Vanquished Creatures
  Sigmund (D:3)
  A hound (D:3)
  5 adders (D:2)
  A worm (D:2)
  2 leopard geckos
  2 orcs (D:3)
  9 bats
  2 giant cockroaches
  13 goblins
  5 hobgoblins
  A ball python (D:1)
  7 frilled lizards
  4 kobolds
  4 rats
57 creatures vanquished.

Vanquished Creatures (collateral kills)
  A goblin (D:3)
1 creature vanquished.

Vanquished Creatures (others)
  A goblin (D:3)
1 creature vanquished.

Grand Total: 59 creatures vanquished

Notes
Turn   | Place    | Note
-------+----------+-------------------------------------------
     0 | D:1      | corax the Spriggan Assassin began the quest for the Orb.
     0 | D:1      | Reached XP level 1. HP: 10/10 MP: 2/2
    24 | D:1      | Reached skill level 6 in Stealth
    98 | D:1      | Reached XP level 2. HP: 7/15 MP: 3/3
   720 | D:2      | Reached XP level 3. HP: 18/18 MP: 4/4
   827 | D:2      | Reached skill level 7 in Stealth
  1212 | D:2      | Reached XP level 4. HP: 17/23 MP: 5/5
  1819 | D:3      | Noticed Sigmund
  1893 | D:3      | Killed Sigmund
  1893 | D:3      | Reached skill level 8 in Stealth
  1893 | D:3      | Reached XP level 5. HP: 5/26 MP: 6/6
  1893 | D:3      | Reached XP level 6. HP: 6/30 MP: 7/7
  2012 | D:3      | Found a blossoming altar of Fedhas.
  2051 | D:3      | Killed from afar by an orc wizard

Vault maps used:
D:1:      minmay_arrival_up_and_down
D:2:      minmay_pentomino_x2
D:3:      grunt_temple_overflow_champion_of_chaos, fedhas_altar_1,
          minmay_hedge_maze, uniq_sigmund

Skill      XL: |  1  2  3  4 |
---------------+-------------+-----
Stealth        | 6 7 8 |  8.4
Dodging        | 2 3 |  3.2
Fighting       | 2 |  2.1
Short Blades   | 3 |  3.6
Throwing       | 3 |  3.3

Action                   |  1- 3 |  4- 6 || total
-------------------------+-------+-------++-------
Melee: Dagger            |    94 |    56 ||   150
 Fire: Blowgun           |     1 |    27 ||    28
 Stab: Sleeping          |    15 |     3 ||    18
Armor: Robe              |    11 |     4 ||    15
Dodge: Dodged            |    45 |    50 ||    95

Table legend:
 A = Non-vault XP
 B = Vault XP
 C = Vault XP percentage of total XP
 D = Non-vault monster count
 E = Vault monster count
 F = Vault count percentage of total count
                 A         B        C        D         E       F
            +---------+---------+-------+---------+---------+-------
      Total |     192 |     228 |  54.3 |      57 |       2 |   3.4
            +---------+---------+-------+---------+---------+-------
        D:1 |      36 |       0 |   0.0 |      24 |       0 |   0.0
        D:2 |      95 |       1 |   1.0 |      20 |       1 |   4.8
        D:3 |      61 |     227 |  78.8 |      13 |       1 |   7.1
            +---------+---------+-------+---------+---------+-------
